 Dungeon Crawl Stone Soup version 0.29-a0-823-gc37b1572da (webtiles) character file.

Game seed: 784772506982601947

207 zeratav the Stinger (level 5, 0/31 HPs)
             Began as an Octopode Venom Mage on July 8, 2022.
             Slain by an ufetubus (3 damage)
             ... on level 4 of the Dungeon.
             The game lasted 00:06:12 (3665 turns).

zeratav the Stinger (Octopode Venom Mage)           Turns: 3665, Time: 00:06:13

Health: 0/31       AC:  1    Str:  7    XL:     5   Next: 85%
Magic:  8/8        EV: 13    Int: 20    God:
Gold:   180        SH:  0    Dex: 18    Spells: 5/8 levels left

rFire   . . .      SeeInvis .   c - +0 sling
rCold   . . .      Faith    .   (no shield)
rNeg    . . .      Spirit   .   (helmet restricted)
rPois   .          Reflect  .   (no amulet)
rElec   .          Harm     .   d - +6 ring of dexterity
rCorr   .          Rampage  .   n - ring of willpower
Will    +....                   (no ring)
Stlth   ++++......              (no ring)
HPRegen 0.10/turn               (no ring)
MPRegen 0.11/turn               (no ring)
                                (no ring)
                                (no ring)

@: no status effects
A: almost no armour, amphibious, 8 rings, camouflage 1, gelatinous body 1,
(nimble swimmer 1), tentacles
a: no special abilities


You were on level 4 of the Dungeon.
You visited 1 branch of the dungeon, and saw 4 of its levels.

You collected 180 gold pieces.


Innate Abilities, Weirdness & Mutations

You cannot wear most types of armour.
You are amphibious.
You can wear up to eight rings at the same time.
Your skin changes colour to match your surroundings (Stealth+).
Your rubbery body absorbs attacks. (AC +1, EV +1)
((You are camouflaged when in or above water. (Stealth+)))
You have tentacles for arms and can constrict up to eight enemies at once.


   Skills:
 - Level 2.0 Dodging
 - Level 5.0 Stealth
 - Level 2.0 Spellcasting
 - Level 1.0 Transmutations
 + Level 6.7 Poison Magic


You had 5 spell levels left.
You knew the following spells:

 Your Spells              Type           Power      Damage    Failure   Level
a - Sting                 Tmut/Pois      68%        1d6       3%          1
b - Poisonous Vapours     Pois/Air       30%        N/A       6%          2

Your spell library contained the following spells:

 Spells                   Type           Power      Damage    Failure   Level
 Olgreb's Toxic Radiance  Pois           29%        N/A       10%         4
 Necrotise                Necr           8%         1d4       16%         1
 Slow                     Hex            8%         N/A       16%         1
 Summon Small Mammal      Summ           8%         N/A       16%         1
 Mephitic Cloud           Conj/Pois/Air  11%        N/A       19%         3
 Searing Ray              Conj           4%         2d4       24%         2
 Call Canine Familiar     Summ           2%         N/A       43%         3
 Confusing Touch          Hex            2%         N/A       43%         3
 Summon Guardian Golem    Hex/Summ       2%         N/A       43%         3
 Vampiric Draining        Necr           2%         2d6       43%         3
 Necromutation            Tmut/Necr      2%         N/A       100%        8

Inventory:

Hand Weapons
 c - a +0 sling (weapon)
   (You found it on level 1 of the Dungeon)
 i - a +0 whip of venom {mace}
   (You found it on level 2 of the Dungeon)
 j - the +4 mace of Imminent Death {chaos, rPois rN+++ rCorr Stlth-, mace}
   (You took it off a kobold on level 2 of the Dungeon)

   Each time it hits an enemy it has a different, random effect.
   rPois:     It protects you from poison.
   rN:        It renders you almost immune to negative energy.
   rCorr:     It protects you from acid and corrosion.
   Stlth:     It makes you less stealthy.
Jewellery
 d - a +6 ring of dexterity (left tentacle)
   (You found it on level 1 of the Dungeon)
 n - a ring of willpower (right tentacle)
   (You found it on level 2 of the Dungeon)
Scrolls
 g - 3 scrolls of enchant weapon {unknown}
 h - a scroll of amnesia {unknown}
 l - a scroll of magic mapping {unknown}
 m - 2 scrolls of immolation {unknown}
 o - 3 scrolls of identify {unknown}
 p - a scroll of teleportation {unknown}
 r - a scroll of fog {unknown}
Potions
 a - a potion of magic
 b - 2 potions of curing {unknown}
 e - a potion of haste {unknown}
 f - 2 potions of heal wounds {unknown}
 k - a potion of might {unknown}
 q - a potion of flight {unknown}

Dungeon Overview and Level Annotations

Branches:
Dungeon (4/15) Zot: 20287
 Temple: D:4-7

Altars:

Shops:
D:2 (

Annotations:
D:3 exclusion: downstairs

. ####### .. ###.....# ...
##.......##########
....#######.........#.......
......#..####.....#...# #..
....#..<...####@.##..#...# .#
.........####..5.#..###..#..#
#.....##.#.........#.#.#.#.#
...... #.......#.c###[# #..
.........##......#.#.#.#.#..
......##.........#.l###.. #
#.... ..........#.#)#.#.#
#... ............###:# #.. ..
#...........#.#.#.# ...


You could see a centaur, an iguana and an ufetubus.


Message History

Confirm with . or Enter, or press ? or * to list all spells.
Aiming: Poisonous Vapours (safe; 6% risk of failure)
Press: ? - help, Dir - move target, f/p - ogre
Aim: an ogre, wielding a +0 giant club (asleep) Poisonous vapours surround the ogre!
The ogre is poisoned.
The ogre shouts!
MP[-2]
You lost 2 mp, and now have 6/8 mp.
Casting: Poisonous Vapours (safe; 6% risk of failure)
Confirm with . or Enter, or press ? or * to list all spells.
Aiming: Poisonous Vapours (safe; 6% risk of failure)
Press: ? - help, Dir - move target, f/p - ogre
Aim: an ogre, wielding a +0 giant club (poisoned) Poisonous vapours surround the ogre!
The ogre looks even sicker.
MP[-2]
You lost 2 mp, and now have 4/8 mp.
There is a stone staircase leading up here.
MP[+1]
Casting: Poisonous Vapours (safe; 6% risk of failure)
Confirm with . or Enter, or press ? or * to list all spells.
Aiming: Poisonous Vapours (safe; 6% risk of failure)
Press: ? - help, Dir - move target, f/p - ogre
Aim: an ogre, wielding a +0 giant club (lightly wounded, poisoned) Poisonous vapours surround the ogre!
The ogre looks even sicker.
MP[-2]
You lost 2 mp, and now have 3/8 mp.
Casting: Poisonous Vapours (safe; 6% risk of failure)
Confirm with . or Enter, or press ? or * to list all spells.
Aiming: Poisonous Vapours (safe; 6% risk of failure)
Press: ? - help, Dir - move target, f/p - ogre
Aim: an ogre, wielding a +0 giant club (moderately wounded, very poisoned) Poisonous vapours surround the ogre!
The ogre looks even sicker.
MP[-2]
You lost 2 mp, and now have 1/8 mp.
You climb upwards.
Level annotation: exclusion: downstairs
There is a stone staircase leading down here.
You start resting.
MP[+7]
Your mp is fully restored (8).
There is a stone staircase leading down here.
There is a stone staircase leading down here.
You climb downwards.
There is a stone staircase leading up, spattered with blood here.
f - 2 ruby potions (gained 1)
You pick up a book of Debilitation and begin reading...
You add the spells Slow, Vampiric Draining and Confusing Touch to your library.
You see here a +0 ring mail.
An orc comes into view. It is wielding a +0 dagger.
An ufetubus comes into view.
An endoplasm comes into view.
You see here a manual of Axes {!d}.
Unknown command.
Casting: Poisonous Vapours (safe; 6% risk of failure)
Confirm with . or Enter, or press ? or * to list all spells.
Okay, then.
Fire: c) +0 sling
Press: ? - help, Q - select action, (/) - cycle Shift-Dir - straight line, f - orc
Aim: an orc, wielding a +0 dagger (asleep, 98% to hit)
You shoot a sling bullet. The ufetubus shouts!
The sling bullet hits the orc.
Fire: c) +0 sling
Press: ? - help, Q - select action, (/) - cycle Shift-Dir - straight line, f/p - orc
Aim: an orc, wielding a +0 dagger (heavily wounded, 57% to hit)
You shoot a sling bullet. The endoplasm quivers.
The sling bullet hits the endoplasm!
You kill the endoplasm!
Fire: c) +0 sling
Press: ? - help, Q - select action, (/) - cycle Shift-Dir - straight line, f/p - orc
Aim: an orc, wielding a +0 dagger (heavily wounded, 57% to hit)
You shoot a sling bullet. The sling bullet hits the orc.
You kill the orc!
You hear an angry hiss.
Fire: c) +0 sling
Press: ? - help, Q - select action, (/) - cycle Shift-Dir - straight line, f - ufetubus
Aim: an ufetubus (38% to hit)
You shoot a sling bullet.
The sling bullet hits the ufetubus but does no damage.
The ufetubus closely misses you. The ufetubus barely misses you. x3
The ufetubus misses you. The ufetubus hits you.
HP[-4]
You take 4 damage, and now have 27/31 hp.
The ufetubus attacks as you move away! The ufetubus hits you. x2
HP[-7]
You take 7 damage, and now have 20/31 hp.
MASSIVE DAMAGE!! (PAUSE)
The ufetubus barely misses you. The ufetubus hits you.
HP[-4]
You take 4 damage, and now have 16/31 hp.
The centaur shoots an arrow.
The arrow hits you!
* * * LOW HITPOINT WARNING * * *
The ufetubus barely misses you. The ufetubus completely misses you.
HP[-13]
You take 13 damage, and now have 3/31 hp.
MASSIVE DAMAGE!! (PAUSE)
The ufetubus attacks as you move away! The ufetubus misses you.
The ufetubus hits you.
You die...

Skill      XL: |  1  2  3  4 |
---------------+-------------+-----
Stealth        | 3 4 5 |  5.0
Poison Magic   | 4 6 |  6.7
Dodging        | |  2.0
Spellcasting   | |  2.0
Transmutations | |  1.0

Action                   |  1- 3 |  4- 6 || total
-------------------------+-------+-------++-------
Melee: Unarmed           |     8 |       ||     8
       Tentacles         |     2 |       ||     2
       Constrict         |     1 |     1 ||     2
       Punch             |     1 |       ||     1
       Whip              |       |     4 ||     4
 Fire: Sling             |    86 |    37 ||   123
 Cast: Sting             |    16 |    12 ||    28
       Poisonous Vapours |       |    13 ||    13
Armor: Skin              |     4 |     1 ||     5
Dodge: Dodged            |    33 |    21 ||    54

Levels and vault maps discovered:
D:1:      saegor_arrival_simple_a, layout_basic,
          shapermc_ecumenical_altar_petra, roderic_lattice_a,
          minmay_close_crescents
D:2:      layout_rooms, serial_shops, nicolae_shop_waterfront
D:3:      layout_rooms, serial_glass, glass_columns_b, glass_columns_a
D:4:      layout_cave_pools, ebering_ghost_reflecting_pool,
          grunt_decor_fettered, minmay_manual_mail

Notes
Turn   | Place    | Note
-------+----------+-------------------------------------------
     0 | D:1      | zeratav the Octopode Venom Mage began the quest for the
                  | Orb.
     0 | D:1      | Reached XP level 1. HP: 11/11 MP: 3/3
     0 | D:1      | magus.rc [v1.9.6]
    27 | D:1      | Reached skill level 3 in Stealth
   121 | D:1      | Reached XP level 2. HP: 7/17 MP: 0/5
   370 | D:1      | Reached skill level 4 in Poison Magic
   407 | D:1      | You add the spells Necrotise, Searing Ray and Necromutation
                  | to your library.
   407 | D:1      | Got the Book of Conjury and Left-Handed Secrets
   746 | D:1      | Found a faded altar of an unknown god.
  1228 | D:1      | Reached XP level 3. HP: 21/21 MP: 6/6
  1329 | D:1      | Reached skill level 4 in Stealth
  1644 | D:2      | HP: 4/21 [jackal (3)]
  1682 | D:2      | Identified the +4 mace of Imminent Death {chaos, rPois
                  | rN+++ rCorr Stlth-}
  1683 | D:2      | HP: 5/21 [kobold/stone (2)]
  1912 | D:2      | You pick up a book of Callings and begin reading...
  1912 | D:2      | You add the spells Summon Small Mammal, Call Canine
                  | Familiar and Summon Guardian Golem to your library.
  2037 | D:2      | Found Ennecrav's Antique Weapon Boutique.
  2344 | D:3      | Reached XP level 4. HP: 27/27 MP: 7/7
  2347 | D:3      | Reached skill level 5 in Poison Magic
  2356 | D:3      | Reached skill level 5 in Stealth
  2961 | D:3      | Identified the +1 pair of gloves "Kyraelid" {Harm Rampage
                  | rF- rC+}
  3001 | D:4      | Noticed a scorpion
  3007 | D:3      | Learned a level 2 spell: Poisonous Vapours
  3037 | D:4      | Noticed a scorpion
  3043 | D:4      | Killed a scorpion
  3044 | D:4      | Reached skill level 6 in Poison Magic
  3044 | D:4      | Reached XP level 5. HP: 31/31 MP: 1/8
  3097 | D:4      | Noticed a centaur
  3516 | D:4      | Noticed an ogre
  3644 | D:4      | You pick up a book of Debilitation and begin reading...
  3644 | D:4      | You add the spells Slow, Vampiric Draining and Confusing
                  | Touch to your library.
  3664 | D:4      | HP: 3/31 [centaur/arrow (13)]
  3665 | D:4      | Slain by an ufetubus

Vanquished Creatures
  A scorpion (D:4)
  A hound (D:4)
  3 gnolls (D:3)
  2 adders
  2 dart slugs
  2 orcs
  11 ball pythons
  7 endoplasms
  3 giant cockroaches
  2 goblins (D:1)
  5 hobgoblins
  3 jackals (D:2)
  4 kobolds
  A quokka (D:1)
  6 bats
  3 frilled lizards
  3 rats
59 creatures vanquished.

Table legend:
 A = Non-vault XP
 B = Vault XP
 C = Vault XP percentage of total XP
 D = Non-vault monster count
 E = Vault monster count
 F = Vault count percentage of total count
                 A         B        C        D         E       F
            +---------+---------+-------+---------+---------+-------
      Total |     287 |       9 |   3.0 |      55 |       4 |   6.8
            +---------+---------+-------+---------+---------+-------
        D:1 |      37 |       4 |   9.8 |      20 |       2 |   9.1
        D:2 |      40 |       0 |   0.0 |      17 |       0 |   0.0
        D:3 |      81 |       0 |   0.0 |      16 |       0 |   0.0
        D:4 |     129 |       5 |   3.7 |       2 |       2 |  50.0
            +---------+---------+-------+---------+---------+-------

Illustrated notes

Table legend:
 A = Kills in this place as a percentage of kills in entire the game.
 B = Kills by you in this place as a percentage of kills by you in the entire game.
 C = Kills by friends in this place as a percentage of kills by friends in the entire game.
 D = Other kills in this place as a percentage of other kills in the entire game.
 E = Experience gained in this place as a percentage of experience gained in the entire game.
 F = Experience gained in this place divided by the number of levels of this place that you have seen.
                   A       B       C       D       E      F
               +-------+-------+-------+-------+-------+----------------------
         Total | 100.0 | 100.0 |   N/A |   N/A | 100.0 |  74.0
       Dungeon | 100.0 | 100.0 |   N/A |   N/A | 100.0 |  74.0
               +-------+-------+-------+-------+-------+----------------------

Table legend: (Time is in decaauts)
 A = Elapsed time spent in this place.
 B = Non-inter-level travel time spent in this place.
 C = Inter-level travel time spent in this place.
 D = Time resting spent in this place.
 E = Time spent auto-exploring this place.
 F = Levels seen in this place.
 G = Mean time per level.
                   A        B        C        D        E       F      G
               +--------+--------+--------+--------+--------+-----+--------+
         Total |   3712 |   3535 |    177 |    647 |   2476 |   4 |  928.0 |
       Dungeon |   3712 |   3535 |    177 |    647 |   2476 |   4 |  928.0 |
               +--------+--------+--------+--------+--------+-----+--------+

Top non-repeatable levels by time:
     D:1: 1410 daAuts
     D:3: 1185 daAuts
     D:2: 952 daAuts
     D:4: 163 daAuts
